 Dungeon Crawl Stone Soup version 0.30-a0-634-g8abc85282e (webtiles) character file.

Game seed: 9681254124873470433

389 wormed the Slasher (level 6, 0/50 HPs)
             Began as a Demigod Gladiator on Jan 14, 2023.
             Slain by a gnoll
             ... wielding a +0 spear
             ... led by a gnoll sergeant
              (3 damage)
             ... on level 3 of the Dungeon.
             The game lasted 00:04:01 (2850 turns).

wormed the Slasher (Demigod Gladiator)              Turns: 2850, Time: 00:04:02

Health: 0/50       AC:  7    Str: 15    XL:     6   Next: 24%
Magic:  8/8        EV: 13    Int: 10    God:
Gold:   175        SH:  0    Dex: 23    Spells: 5/5 levels left

rFire   + . .      SeeInvis .    a - +1 long sword
rCold   . . .      Faith    .    (no shield)
rNeg    . . .      Spirit   .    s - +0 ring mail {rF+}
rPois   .          Reflect  .    c - +0 helmet
rElec   .          Harm     .    (no cloak)
rCorr   .          Rampage  .    b - +0 pair of gloves
Will    .....                    (no boots)
Stlth   +                        (no amulet)
HPRegen 0.28/turn                (no ring)
MPRegen 0.11/turn                (no ring)

@: no status effects
A: high MP 1, forlorn, divine attributes
a: no special abilities


You were on level 3 of the Dungeon.
You visited 1 branch of the dungeon, and saw 3 of its levels.

You collected 175 gold pieces.

Inventory:

Hand Weapons
 a - a +1 long sword (weapon)
Missiles
 d - a throwing net (quivered)
 e - a javelin
Armour
 b - a +0 pair of gloves (worn)
 c - a +0 helmet (worn)
 s - a +0 ring mail of fire resistance (worn)
Wands
 f - a wand of flame (1)
 p - a wand of polymorph (8)
Scrolls
 i - 2 scrolls of magic mapping {unknown}
 m - a scroll of butterflies {unknown}
Potions
 g - 3 potions of attraction
 h - a potion of heal wounds {unknown}
 k - 2 potions of brilliance {unknown}
 l - 2 potions of degeneration {unknown}
 q - a potion of flight {unknown}
 r - a potion of lignification {unknown}


   Skills:
 + Level 2.7 Fighting
 * Level 4.3 Long Blades
 + Level 3.0 Throwing
 + Level 1.8 Armour
 + Level 3.4 Dodging
 + Level 2.0 Shields


You had 5 spell levels left.
You didn't know any spells.
Your spell library contained the following spells:

 Spells                   Type           Power      Damage    Failure   Level
 Summon Small Mammal      Summ           0%         N/A       58%         1
 Call Canine Familiar     Summ           0%         N/A       91%         3
 Summon Guardian Golem    Hex/Summ       0%         N/A       91%         3


Dungeon Overview and Level Annotations

Branches:
Dungeon (3/15)


Innate Abilities, Weirdness & Mutations

You have an increased reservoir of magic. (+10% MP)
You shall have no god before yourself.
Your divine heritage dramatically boosts your attributes as you level up.


Message History

The gnoll sergeant hits the withered plant with a +1 spear of flaming!
The gnoll sergeant burns the withered plant.
The gnoll completely misses you.
The gnoll sergeant hits the demonic plant with a +1 spear of flaming!
The demonic plant begins to die.
The gnoll sergeant burns the demonic plant.
The gnoll sergeant hits the withered plant with a +1 spear of flaming.
The gnoll sergeant burns the withered plant.
The gnoll hits the withered plant with a +0 halberd!
The gnoll hits the demonic plant with a +0 spear.
The demonic plant begins to die.
The gnoll barely misses you.
The gnoll hits the demonic plant with a +0 spear!
The withered plant crumbles away.
The gnoll barely misses you.
The gnoll hits something with a +0 halberd!
The gnoll hits you from afar with a +0 spear.
The gnoll hits something with a +0 halberd!
A nearby demonic plant withers and dies. x2
The gnoll barely misses you. The gnoll hits you but does no damage.
You hit the gnoll but do no damage.
The gnoll is moderately wounded.
The gnoll closely misses you. The gnoll sergeant misses you.
The gnoll hits you from afar with a +0 spear.
You slash the gnoll!
You kill the gnoll!
The gnoll closely misses you. The gnoll sergeant misses you.
Your Shields skill increases to level 2!
The gnoll misses you. The gnoll sergeant misses you.
The gnoll hits you from afar with a +0 halberd.
Things that are here:
a +0 spear; a +0 flail; a gnoll corpse You hit the gnoll but do no damage.
The gnoll barely misses you.
The gnoll sergeant hits you with a +1 spear of flaming.
* * * LOW HITPOINT WARNING * * *
The gnoll sergeant burns you.
* * * LOW HITPOINT WARNING * * *
The gnoll hits you from afar with a +0 halberd!
* * * LOW HITPOINT WARNING * * *
The gnoll hits you with a +0 spear.
You die...

......g...#.....P...#
......g.).#P.......P#
..........#####_#####
..........#PP.......#
.....#....#.P.......#
.#####.####........P#
... #. #.g.P....P#
... #) #.#gg.....#.#
.... ###P@.P...#.#
..... # ##.PP....# #
#..... #.
#.##...##..# ......
#.. ####...###.#
>##.#
.##.####.###.#..#
....#
.........###...##
.#### #..........###
.## #......#####
.<### ##.....#


You could see a gnoll sergeant and 2 gnolls.

Vanquished Creatures
  Sigmund (D:2)
  Terence (D:2)
  Natasha (thrice) (D:2)
  2 gnolls (D:3)
  2 adders (D:2)
  A worm (D:2)
  2 dart slugs
  6 orcs (D:3)
  4 bats
  5 endoplasms
  4 giant cockroaches
  6 goblins
  12 hobgoblins
  2 jackals (D:2)
  2 quokkas
  6 ball pythons
  2 frilled lizards
  5 kobolds
  9 rats
75 creatures vanquished.

Vanquished Creatures (others)
  3 demonic plants (D:3)
  3 fungi (D:3)
  4 plants (D:3)
  2 withered plants (D:3)
12 creatures vanquished.

Grand Total: 87 creatures vanquished

Notes
Turn   | Place    | Note
-------+----------+-------------------------------------------
     0 | D:1      | wormed the Demigod Gladiator began the quest for the Orb.
     0 | D:1      | Reached XP level 1. HP: 17/17 MP: 3/3
   212 | D:1      | Reached XP level 2. HP: 24/24 MP: 4/4
   335 | D:1      | Reached skill level 3 in Long Blades
  1199 | D:2      | Reached XP level 3. HP: 29/29 MP: 5/5
  1334 | D:2      | Noticed Terence
  1414 | D:2      | Killed Terence
  1415 | D:2      | Reached skill level 1 in Armour
  1415 | D:2      | Reached skill level 1 in Shields
  1415 | D:2      | Reached XP level 4. HP: 11/36 MP: 6/6
  1620 | D:2      | Noticed Natasha
  1650 | D:2      | Killed Natasha
  1812 | D:2      | Noticed Natasha
  1818 | D:2      | Killed Natasha
  1989 | D:2      | Noticed Natasha
  1998 | D:2      | Killed Natasha
  1999 | D:2      | Reached XP level 5. HP: 42/42 MP: 7/7
  2088 | D:2      | Noticed Sigmund
  2102 | D:2      | HP: 2/42 [something (1)]
  2104 | D:2      | Killed Sigmund
  2105 | D:2      | Reached skill level 4 in Long Blades
  2105 | D:2      | Reached XP level 6. HP: 3/50 MP: 8/8
  2720 | D:3      | Identified the +2 flail "Ywivom" {speed, rF+ rC- rCorr}
  2850 | D:3      | Slain by a gnoll

Illustrated notes

Levels and vault maps discovered:
D:1:      dpeg_arrival_lava_altar, layout_basic
D:2:      minmay_spotlight, layout_basic, uniq_sigmund, uniq_natasha,
          uniq_terence
D:3:      layout_rooms, tgw_xom, shapermc_ecumenical_altar_gd

Skill      XL: |  1  2  3  4  5  6 |
---------------+-------------------+-----
Long Blades    | 3 4 |  4.3
Throwing       | 2 3 |  3.0
Fighting       | 2 |  2.7
Armour         | 1 |  1.8
Shields        | 1 2 |  2.0
Dodging        | 3 |  3.4

Action                   |  1- 3 |  4- 6 || total
-------------------------+-------+-------++-------
Melee: Long sword        |   140 |    91 ||   231
       Punch             |     1 |       ||     1
       Unarmed           |       |     6 ||     6
Throw: Throwing net      |     3 |     1 ||     4
Evoke: Wand              |     5 |       ||     5
  Use: Scroll            |     4 |     6 ||    10
       Potion            |       |     1 ||     1
 Stab: Held in net/web   |     1 |       ||     1
Armor: Leather armour    |    60 |    13 ||    73
       Skin              |       |     1 ||     1
       Ring mail         |       |     9 ||     9
Dodge: Dodged            |   102 |    77 ||   179

Table legend: (Time is in decaauts)
 A = Elapsed time spent in this place.
 B = Non-inter-level travel time spent in this place.
 C = Inter-level travel time spent in this place.
 D = Time resting spent in this place.
 E = Time spent auto-exploring this place.
 F = Levels seen in this place.
 G = Mean time per level.
                   A        B        C        D        E       F      G
               +--------+--------+--------+--------+--------+-----+--------+
         Total |   2903 |   2822 |     81 |      0 |   2176 |   3 |  967.7 |
       Dungeon |   2903 |   2822 |     81 |      0 |   2176 |   3 |  967.7 |
               +--------+--------+--------+--------+--------+-----+--------+

Top non-repeatable levels by time:
     D:2: 1463 daAuts
     D:1: 1188 daAuts
     D:3: 252 daAuts
